 Dungeon Crawl Stone Soup version 0.27-a0-1442-g87b6fcb595 (webtiles) character file.

Game seed: 3593577148756890288

691 dolemite99 the Cruncher (level 7, 0/56 HPs)
             Began as a Minotaur Gladiator on July 5, 2021.
             Was a Priest of Qazlal.
             Slain by Sigmund (1 damage)
             ... on level 5 of the Dungeon.
             The game lasted 00:04:40 (5183 turns).

dolemite99 the Cruncher (Minotaur Gladiator)        Turns: 5183, Time: 00:04:41

Health: 0/56       AC: 11    Str: 20    XL:     7   Next: 36%
Magic:  6/6        EV:  6    Int:  5    God:    Qazlal [***...]
Gold:   192        SH:  4    Dex: 12    Spells: 6/6 levels left

rFire    . . .     SeeInvis .   a - +0 quarterstaff (venom)
rCold    . . .     Faith    +   (shield currently unavailable)
rNeg     . . .     Spirit   .   n - +0 plate armour
rPois    .         Reflect  .   c - +1 hat
rElec    .         Harm     .   (no cloak)
rCorr    +         Rampage  .   (no gloves)
Will     .....                  (no boots)
Stlth    ..........             l - amulet of faith
HPRegen  0.18/turn              o - ring of resist corrosion
MPRegen  0.10/turn              (no ring)

@: mighty
A: horns 2, retaliatory headbutt
a: Renounce Religion, Upheaval, Elemental Force


You were on level 5 of the Dungeon.
You worshipped Qazlal.
Qazlal was most pleased with you.
You visited 1 branch of the dungeon, and saw 5 of its levels.

You collected 192 gold pieces.

Inventory:

Hand Weapons
 a - a +0 quarterstaff of venom (weapon)
 x - a +1 dagger of venom
 A - a +1 dagger of protection
Missiles
 d - 3 throwing nets
 h - 186 stones
 i - 55 sling bullets
 k - 2 javelins
 u - 22 bolts
 y - 4 boomerangs (quivered)
Armour
 b - a +0 leather armour
 c - a +1 hat (worn)
 n - a +0 plate armour (worn)
Magical Staves
 v - a staff of fire
Jewellery
 l - an amulet of faith (around neck)
 o - a ring of resist corrosion (left hand)
Scrolls
 m - a scroll of noise
 w - a scroll of teleportation
Potions
 e - a potion of ambrosia {unknown}
 g - 2 potions of curing {unknown}
 s - a potion of attraction {unknown}
 t - 2 potions of haste {unknown}


   Skills:
 - Level 2.4 Fighting
 + Level 10.3 Staves
 - Level 2.0 Throwing
 - Level 3.2 Dodging


You had 6 spell levels left.
You didn't know any spells.
Your spell library contained the following spells:

 Spells                   Type           Power      Damage    Failure   Level
 Animate Skeleton         Necr           0%         N/A       100%        1
 Apportation              Tloc           0%         N/A       100%        1
 Corona                   Hex            0%         N/A       100%        1
 Summon Small Mammal      Summ           0%         N/A       100%        1
 Stone Arrow              Conj/Erth      0%         3d7       100%        3
 Animate Armour           Summ/Erth      0%         N/A       100%        4
 Summon Ice Beast         Ice/Summ       0%         N/A       100%        4
 Summon Mana Viper        Hex/Summ       0%         N/A       100%        5
 Monstrous Menagerie      Summ           0%         N/A       100%        7
 Lehudib's Crystal Spear  Conj/Erth      0%         10d2      100%        8


Dungeon Overview and Level Annotations

Branches:
Dungeon (5/15)
 Temple: D:4-7

Altars:
Qazlal

Shops:
D:1 [

Annotations:
D:5 Sigmund


Innate Abilities, Weirdness & Mutations

You have a pair of horns on your head.
You reflexively headbutt those who attack you in melee.


Message History

You block the centaur's attack.
The centaur kicks you but does no damage.
Sigmund says, "Your kind have come here before.
I understand now why.
You desire death..."
The centaur is struck by lightning.
The centaur hits you. You block the centaur's attack.
You closely miss the centaur.
The centaur is severely wounded.
The centaur hits you but does no damage.
The centaur kicks you.
Sigmund hits you with a +2 vorpal scythe!
You block the centaur's attack. The centaur completely misses you.
You completely miss Sigmund.
The centaur hits you but does no damage.
The centaur kicks you but does no damage.
Sigmund gestures at you while chanting. You resist with some effort.
The centaur completely misses you. You furiously retaliate!
You headbutt the centaur!
You kill the centaur!
Qazlal accepts your kill.
You barely miss Sigmund. Sigmund barely misses you.
You sock Sigmund!
Sigmund is poisoned.
Sigmund is moderately wounded.
The hound bites you.
Sigmund hits you with a +2 vorpal scythe!
You thump Sigmund!
Sigmund looks as sick as possible!
Sigmund is severely wounded.
The hound barely misses you. You furiously retaliate!
You headbutt the hound! The hound bites you.
* * * LOW HITPOINT WARNING * * *
Sigmund hits you with a +2 vorpal scythe.
* * * LOW HITPOINT WARNING * * *
x2 You closely miss Sigmund.
Sigmund is severely wounded.
The hound closely misses you.
Okay, then.
You barely miss Sigmund.
Sigmund is severely wounded.
Sigmund hits you with a +2 vorpal scythe.
* * * LOW HITPOINT WARNING * * *
You die...

#......# #...h..#
......
##......###....?.
.................
..............^..
#....[.##.....
#......##...
#......##h####
###.....@@...####
#.....☼.......#
#..........##.#
#..........##.#
#..........##.#
#..........##.#
#..
#......(...##.#
#.#
#..........##.#
#.# ##########.#
#.#


You could see Sigmund (extremely poisoned) and a hound.

Vanquished Creatures
  An ogre (D:4)
  2 necrophages (D:4)
  A centaur (D:5)
  A phantom (D:4)
  A hound (D:4)
  A bullfrog skeleton (D:3)
  A jelly (D:2)
  Robin (D:2)
  6 adders
  An ufetubus (D:4)
  A worm (D:4)
  6 dart slugs
  5 orcs
  4 bats
  6 endoplasms
  5 giant cockroaches
  9 hobgoblins
  6 jackals
  10 kobolds
  6 quokkas
  9 ball pythons
  2 frilled lizards (D:3)
  18 goblins
  4 rats
107 creatures vanquished.

Notes
Turn   | Place    | Note
-------+----------+-------------------------------------------
     0 | D:1      | dolemite99 the Minotaur Gladiator began the quest for the
                  | Orb.
     0 | D:1      | Reached XP level 1. HP: 18/18 MP: 0/0
    41 | D:1      | Reached skill level 4 in Staves
   160 | D:1      | Reached XP level 2. HP: 24/25 MP: 1/1
   770 | D:1      | Found a faded altar of an unknown god.
   837 | D:1      | Reached skill level 5 in Staves
   839 | D:1      | Became a worshipper of Qazlal Stormbringer
   839 | D:1      | Reached * piety under Qazlal
   891 | D:1      | Reached XP level 3. HP: 29/30 MP: 2/2
  1188 | D:1      | Found Ragy's Antique Armour Shoppe.
  1746 | D:2      | Reached ** piety under Qazlal
  1832 | D:2      | Reached skill level 6 in Staves
  1832 | D:2      | Reached XP level 4. HP: 37/37 MP: 3/3
  2000 | D:2      | Noticed Robin
  2014 | D:2      | Killed Robin
  2706 | D:3      | Reached skill level 7 in Staves
  2706 | D:3      | Reached XP level 5. HP: 38/42 MP: 4/4
  3218 | D:3      | Reached *** piety under Qazlal
  3707 | D:4      | Reached skill level 8 in Staves
  3744 | D:4      | Noticed a necrophage
  3750 | D:4      | Killed a necrophage
  3751 | D:4      | Reached XP level 6. HP: 50/50 MP: 5/5
  4059 | D:4      | Reached skill level 9 in Staves
  4309 | D:4      | Reached XP level 7. HP: 51/56 MP: 6/6
  4403 | D:4      | Reached skill level 10 in Staves
  4723 | D:5      | Entered Level 5 of the Dungeon
  5167 | D:5      | Noticed Sigmund
  5183 | D:5      | HP: 1/56 [Sigmund (6)]
  5183 | D:5      | Slain by Sigmund

Illustrated notes

Levels and vault maps discovered:
D:1:      lemuel_arrival_rhombus, layout_loops_ring,
          hellmonk_ecumenical_altar_blasted, serial_shops,
          nicolae_shop_waterfront, roderic_roman_lattice, st_stairs_1,
          hex_medium, minmay_curled_crystal, minmay_close_crescents
D:2:      layout_basic, uniq_robin
D:3:      layout_loops_ring, chequers_serial_rivers_small_3,
          nrook_loot_triangle, grunt_ministairs_1
D:4:      layout_basic, minmay_vboxes
D:5:      layout_basic, grunt_qazlal_sundering, lemuel_doored_altar,
          chequers_temple_overflow_minitemple, minmay_temple_entry_trees,
          uniq_sigmund

Skill      XL: |  1  2  3  4  5  6  7 |
---------------+----------------------+-----
Staves         | 4 5 6 7 8 9 10 | 10.3
Fighting       | |  2.4
Throwing       | |  2.0
Dodging        | |  3.2

Action                   |  1- 3 |  4- 6 |  7- 9 || total
-------------------------+-------+-------+-------++-------
Melee: Quarterstaff      |    74 |   135 |    19 ||   228
       Headbutt          |     6 |    24 |     2 ||    32
Throw: Boomerang         |       |     6 |     4 ||    10
  Use: Scroll            |       |     1 |     7 ||     8
       Potion            |       |       |     1 ||     1
Armor: Leather armour    |    12 |       |       ||    12
       Plate armour      |     9 |    67 |    11 ||    87
Dodge: Dodged            |    48 |    32 |     9 ||    89
Block: Other             |     5 |    17 |     7 ||    29

Table legend: (Time is in decaauts)
 A = Elapsed time spent in this place.
 B = Non-inter-level travel time spent in this place.
 C = Inter-level travel time spent in this place.
 D = Time resting spent in this place.
 E = Time spent auto-exploring this place.
 F = Levels seen in this place.
 G = Mean time per level.
                   A        B        C        D        E       F      G
               +--------+--------+--------+--------+--------+-----+--------+
         Total |   5175 |   4997 |    178 |   1300 |   2805 |   5 | 1035.0 |
       Dungeon |   5175 |   4997 |    178 |   1300 |   2805 |   5 | 1035.0 |
               +--------+--------+--------+--------+--------+-----+--------+

Top non-repeatable levels by time:
     D:4: 1514 daAuts
     D:1: 1484 daAuts
     D:2: 1207 daAuts
     D:3: 828 daAuts
     D:5: 141 daAuts
